 Dungeon Crawl Stone Soup version 0.31.0-11-ge490571c62 (webtiles) character file.

Game seed: 4054719318420117170

1288 Ashen the Sneak (level 8, -3/58 HPs)
             Began as a Gnoll Enchanter on Feb 5, 2024.
             Was a Follower of Uskayaw.
             Incinerated by a bombardier beetle (6 damage)
             ... with a burning spray
             ... on level 5 of the Dungeon.
             The game lasted 00:09:35 (4277 turns).

Ashen the Sneak (Gnoll Enchanter)                   Turns: 4277, Time: 00:09:36

Health: -3/58      AC:  6    Str:  9    XL:     8   Next: 55%
Magic:  13/17      EV: 14    Int: 14    God:    Uskayaw [*.....]
Gold:   244        SH:  0    Dex: 14    Spells: 8/19 levels left

rFire   . . .        g - +0 dagger (venom)
rCold   . . .        (no shield)
rNeg    . . .        b - +0 robe
rPois   .            t - +2 helmet
rElec   .            (no cloak)
rCorr   .            (no gloves)
SInv    .            x - +0 pair of boots
Will    .....        h - amulet of magic regeneration
Stlth   ++           (no ring)
HPRegen 0.29/turn    (no ring)
MPRegen 0.55/turn

%: no passive effects
@: mighty, on fire, glowing
A: fangs 1, strong nose, distributed training
a: Renounce Religion, Stomp


You were on level 5 of the Dungeon.
You worshipped Uskayaw.
Uskayaw was noncommittal.
You visited 2 branches of the dungeon, and saw 6 of its levels.

You collected 244 gold pieces.

Inventory:

Hand Weapons
 a - a +1 dagger
 g - a +0 dagger of venom (weapon)
 y - a +0 halberd of freezing
Armour
 b - a +0 robe (worn)
 t - a +2 helmet (worn)
 x - a +0 pair of boots (worn)
Jewellery
 h - an amulet of magic regeneration (around neck)
 u - a ring of protection from fire
Wands
 v - a wand of iceblast (4)
Scrolls
 d - 4 scrolls of identify {unknown}
 j - 4 scrolls of noise {unknown}
 k - a scroll of immolation {unknown}
 l - a scroll of poison {unknown}
 m - a scroll of blinking {unknown}
 o - 2 scrolls of enchant armour {unknown}
 q - a scroll of teleportation {unknown}
Potions
 c - 2 potions of invisibility
 e - a potion of brilliance {unknown}
 f - a potion of might
 i - a potion of heal wounds {unknown}
 n - a potion of lignification {unknown}
 p - a potion of ambrosia {unknown}
 r - a potion of curing {unknown}
 s - a potion of mutation {unknown}
 w - a potion of enlightenment {unknown}
 z - a potion of haste {unknown}


   Skills:
 + Level 3.5 Fighting
 + Level 4.4 Short Blades
 + Level 3.5 Long Blades
 + Level 3.5 Axes
 + Level 3.5 Maces & Flails
 + Level 3.5 Polearms
 + Level 3.5 Staves
 + Level 3.5 Ranged Weapons
 + Level 3.5 Throwing
 + Level 3.5 Armour
 + Level 5.8 Dodging
 + Level 7.0 Stealth
 + Level 3.5 Shields
 + Level 3.5 Unarmed Combat
 + Level 6.2 Spellcasting
 + Level 2.9 Conjurations
 + Level 6.2 Hexes
 + Level 2.9 Summonings
 + Level 2.9 Necromancy
 + Level 2.9 Translocations
 + Level 2.9 Fire Magic
 + Level 2.9 Ice Magic
 + Level 2.9 Air Magic
 + Level 2.9 Earth Magic
 + Level 2.9 Alchemy
 + Level 3.9 Invocations
 + Level 3.5 Evocations
 + Level 3.2 Shapeshifting


You had 8 spell levels left.
You knew the following spells:

 Your Spells              Type           Power      Damage    Failure   Level
a - Ensorcelled Hibernat  Hex/Ice        34%        N/A       3%          2
b - Confusing Touch       Hex            21%        N/A       3%          3
c - Tukima's Dance        Hex            21%        N/A       3%          3
d - Dazzling Flash        Conj/Hex       34%        N/A       7%          3

Your spell library contained the following spells:

 Spells                   Type           Power      Damage    Failure   Level
 Kiss of Death            Conj/Necr      48%        2d9       4%          1
 Sublimation of Blood     Necr           12%        N/A       7%          2
 Hailstorm                Conj/Ice       12%        3d6       14%         3
 Summon Ice Beast         Ice/Summ       12%        N/A       14%         3
 Volatile Blastmotes      Fire/Tloc      24%        2d12      14%         3
 Dimensional Bullseye     Hex/Tloc       8%         N/A       24%         4
 Dispel Undead            Necr           12%        3d9       43%         4
 Iskenderun's Mystic Bla  Conj/Tloc      12%        2d5       43%         4
 Petrify                  Alch/Erth      12%        N/A       43%         4
 Irradiate                Conj/Alch      6%         3d13      78%         5
 Sculpt Simulacrum        Ice/Alch       6%         N/A       100%        6
 Starburst                Conj/Fire      6%         6d4       100%        6
 Maxwell's Capacitive Co  Air            6%         ∞         100%        8


Dungeon Overview and Level Annotations

Branches:
Dungeon (5/15)             Temple (1/1) D:4

Altars:
Ashenzari
Cheibriados
Dithmenos
Gozag
Hepliaklqana
Kikubaaqudgha
Makhleb
Nemelex Xobeh
Okawaru
Qazlal
Sif Muna
Uskayaw
Vehumet
Wu Jian
Xom
Yredelemnul
Zin


Innate Abilities, Weirdness & Mutations

You have very sharp teeth.
Your uncanny sense of smell can sniff out nearby items.
Your experience applies equally to all skills.


Message History

Casting: Ensorcelled Hibernation (safe; 3% risk of failure)
Confirm with . or Enter, or press ? or * to list all spells.
Aiming: Ensorcelled Hibernation (safe; 3% risk of failure)
Press: ? - help, Shift-Dir - straight line, f/p - bombardier beetle
Aim: a bombardier beetle (chance to affect: 50%)
The bombardier beetle resists with some effort.
The liquid fire burns you!
The bombardier beetle sprays incendiary fluid at you.
The burning spray hits you.
You are even more covered in liquid fire!
Casting: Ensorcelled Hibernation (safe; 3% risk of failure)
Confirm with . or Enter, or press ? or * to list all spells.
Aiming: Ensorcelled Hibernation (safe; 3% risk of failure)
Press: ? - help, Shift-Dir - straight line, f/p - bombardier beetle
Aim: a bombardier beetle (chance to affect: 50%)
The bombardier beetle looks drowsy...
The liquid fire burns you!
You are too injured to fight recklessly!
The helpless bombardier beetle fails to defend itself.
You stick the bombardier beetle like a pincushion!!!
You kill the bombardier beetle!
The liquid fire burns you!
You shake off some of the fire as you move.
The liquid fire burns you!
You shake off some of the fire as you move.
The liquid fire burns you!
* * * LOW HITPOINT WARNING * * *
You shake off some of the fire as you move.
The liquid fire burns you!
* * * LOW HITPOINT WARNING * * *
You shake off some of the fire as you move.
The liquid fire burns you!
* * * LOW HITPOINT WARNING * * *
You shake off some of the fire as you move.
The liquid fire burns you!
* * * LOW HITPOINT WARNING * * *
It was a potion of might.
You feel very mighty all of a sudden. The liquid fire burns you!
You die...

#.### ###
#... ...
#..####.#
#.....†.####.
#.##†........
#..#.########
#..#.#
#.##.#.#
#...<@.#
########


There were no monsters in sight!

Vanquished Creatures
  4 yaks (D:4)
  A water moccasin (D:3)
  A black bear (D:4)
  An ogre (D:4)
  2 scorpions
  A bombardier beetle (D:5)
  An iguana (D:4)
  2 sleepcaps (D:4)
  Robin (D:3)
  4 gnolls
  8 adders
  2 ribbon worms (D:2)
  8 orcs
  11 ball pythons
  10 endoplasms
  4 giant cockroaches
  7 hobgoblins
  2 jackals (D:4)
  4 quokkas
  A bat (D:2)
  5 frilled lizards
  15 goblins
  9 kobolds
  4 rats (D:1)
108 creatures vanquished.

Notes
Turn   | Place    | Note
-------+----------+-------------------------------------------
     0 | D:1      | Ashen the Gnoll Enchanter began the quest for the Orb.
     0 | D:1      | Reached XP level 1. HP: 13/13 MP: 6/6
   180 | D:1      | Reached XP level 2. HP: 11/19 MP: 7/7
   268 | D:1      | Reached skill level 5 in Spellcasting
   268 | D:1      | Reached XP level 3. HP: 25/25 MP: 7/9
   338 | D:1      | Reached skill level 6 in Stealth
   376 | D:1      | Reached skill level 1 in Invocations
   724 | D:2      | Reached skill level 1 in Fighting
   724 | D:2      | Reached skill level 1 in Long Blades
   724 | D:2      | Reached skill level 1 in Axes
   724 | D:2      | Reached skill level 1 in Maces & Flails
   724 | D:2      | Reached skill level 1 in Polearms
   724 | D:2      | Reached skill level 1 in Staves
   724 | D:2      | Reached skill level 1 in Ranged Weapons
   724 | D:2      | Reached skill level 1 in Throwing
   724 | D:2      | Reached skill level 1 in Armour
   724 | D:2      | Reached skill level 1 in Shields
   724 | D:2      | Reached skill level 1 in Unarmed Combat
   724 | D:2      | Reached skill level 1 in Evocations
   928 | D:2      | Reached skill level 1 in Shapeshifting
   928 | D:2      | Reached XP level 4. HP: 32/32 MP: 11/11
  1016 | D:2      | Reached skill level 1 in Conjurations
  1016 | D:2      | Reached skill level 1 in Summonings
  1016 | D:2      | Reached skill level 1 in Necromancy
  1016 | D:2      | Reached skill level 1 in Translocations
  1016 | D:2      | Reached skill level 1 in Fire Magic
  1016 | D:2      | Reached skill level 1 in Ice Magic
  1016 | D:2      | Reached skill level 1 in Air Magic
  1016 | D:2      | Reached skill level 1 in Earth Magic
  1016 | D:2      | Reached skill level 1 in Alchemy
  1625 | D:3      | Noticed a scorpion
  1632 | D:3      | Killed a scorpion
  1633 | D:3      | Reached XP level 5. HP: 37/37 MP: 12/12
  1636 | D:3      | Learned a level 2 spell: Ensorcelled Hibernation
  1640 | D:3      | Learned a level 3 spell: Confusing Touch
  1644 | D:3      | Learned a level 3 spell: Tukima's Dance
  1648 | D:3      | Learned a level 3 spell: Dazzling Flash
  1759 | D:3      | Noticed a water moccasin
  1766 | D:3      | Killed a water moccasin
  1767 | D:3      | Reached skill level 5 in Dodging
  1767 | D:3      | Reached XP level 6. HP: 44/44 MP: 14/14
  1840 | D:3      | Noticed Robin
  1884 | D:3      | Killed Robin
  2526 | D:4      | Found a staircase to the Ecumenical Temple.
  2576 | Temple   | Entered the Ecumenical Temple
  2579 | Temple   | Became a worshipper of Uskayaw the Reveller
  2760 | D:4      | Reached * piety under Uskayaw
  2764 | D:4      | Noticed a yak
  2798 | D:4      | Killed a yak
  2798 | D:4      | Reached ** piety under Uskayaw
  2799 | D:4      | Reached XP level 7. HP: 51/51 MP: 13/15
  2865 | D:4      | Noticed a yak
  2948 | D:4      | Noticed a yak
  2949 | D:4      | Noticed a yak
  2979 | D:4      | Killed a yak
  2983 | D:4      | Killed a yak
  2986 | D:4      | Reached *** piety under Uskayaw
  2987 | D:4      | Killed a yak
  2988 | D:4      | Reached XP level 8. HP: 43/58 MP: 13/16
  4255 | D:5      | Entered Level 5 of the Dungeon
  4264 | D:5      | Reached skill level 7 in Stealth
  4277 | D:5      | Incinerated by a bombardier beetle

Illustrated notes

Levels and vault maps discovered:
D:1:      saegor_arrival_simple_e, layout_rooms
D:2:      layout_basic, kennysheep_big_empty_room
D:3:      layout_loops_ring, kennysheep_generic_room_4, uniq_robin
D:4:      black_bear_nest_2, layout_layer_cave, minmay_temple_entry_crystal_x,
          kennysheep_generic_room_6
D:5:      layout_basic
Temple:   sentei_temple_godly_chess

Skill      XL: |  1  2  3  4  5  6  7  8 |
---------------+-------------------------+-----
Spellcasting   | 5 6 |  6.2
Stealth        | 6 7 |  7.0
Invocations    | 1 2 3 |  3.9
Fighting       | 1 2 3 |  3.5
Long Blades    | 1 2 3 |  3.5
Axes           | 1 2 3 |  3.5
Maces & Flails | 1 2 3 |  3.5
Polearms       | 1 2 3 |  3.5
Staves         | 1 2 3 |  3.5
Ranged Weapons | 1 2 3 |  3.5
Throwing       | 1 2 3 |  3.5
Armour         | 1 2 3 |  3.5
Shields        | 1 2 3 |  3.5
Unarmed Combat | 1 2 3 |  3.5
Evocations     | 1 2 3 |  3.5
Shapeshifting  | 1 2 3 |  3.2
Conjurations   | 1 2 |  2.9
Summonings     | 1 2 |  2.9
Necromancy     | 1 2 |  2.9
Translocations | 1 2 |  2.9
Fire Magic     | 1 2 |  2.9
Ice Magic      | 1 2 |  2.9
Air Magic      | 1 2 |  2.9
Earth Magic    | 1 2 |  2.9
Alchemy        | 1 2 |  2.9
Short Blades   | 3 4 |  4.4
Dodging        | 5 |  5.8
Hexes          | 6 |  6.2

Action                     |  1- 3 |  4- 6 |  7- 9 || total
---------------------------+-------+-------+-------++-------
  Melee: Dagger            |   105 |   113 |    46 ||   264
         Bite              |    11 |    12 |     4 ||    27
         Punch             |     1 |     1 |     1 ||     3
   Cast: Ensorcelled Hiber |       |    12 |    21 ||    33
         Confusing Touch   |       |       |     2 ||     2
    Use: Potion            |       |       |     1 ||     1
   Stab: Sleeping          |    10 |    23 |    14 ||    47
         Paralysed         |       |       |     1 ||     1
         Confused          |       |       |     4 ||     4
 Armour: Robe              |    40 |    32 |    23 ||    95
  Dodge: Dodged            |    52 |    59 |    19 ||   130
